 Dungeon Crawl Stone Soup version 0.31-a0-229-g1fc7ce93e2 (webtiles) character file.

Game seed: 12013486010374846902

41 qw the Shooter (level 3, -1/29 HPs)
             Began as a Minotaur Hexslinger on July 6, 2023.
             Slain by a gnoll
             ... wielding a +0 whip
              (5 damage)
             ... on level 2 of the Dungeon.
             The game lasted 00:00:22 (1515 turns).

qw the Shooter (Minotaur Hexslinger)                Turns: 1515, Time: 00:00:23

Health: -1/29      AC:  2    Str: 12    XL:     3   Next: 32%
Magic:  3/3        EV: 12    Int: 10    God:
Gold:   79         SH:  0    Dex: 14    Spells: 3/4 levels left

rFire   . . .        Y - +1 sling
rCold   . . .        (no shield)
rNeg    . . .        c - +0 robe
rPois   .            (helmet restricted)
rElec   .            (no cloak)
rCorr   .            (no gloves)
SInv    .            (no boots)
Will    .....        (no amulet)
Stlth   +            (no ring)
HPRegen 0.24/turn    (no ring)
MPRegen 0.08/turn

%: no passive effects
@: no status effects
A: horns 2, retaliatory headbutt
a: no special abilities


You were on level 2 of the Dungeon.
You visited 1 branch of the dungeon, and saw 2 of its levels.

You collected 79 gold pieces.


Innate Abilities, Weirdness & Mutations

You have a pair of horns on your head.
You reflexively headbutt those who attack you in melee.


   Skills:
 - Level 2.0 Fighting
 + Level 3.9 Ranged Weapons
 - Level 2.1 Dodging
 - Level 1.0 Spellcasting
 - Level 2.0 Hexes


You had 3 spell levels left.
You knew the following spells:

 Your Spells              Type           Power      Damage    Failure   Level
a - Slow                  Hex            16%        N/A       16%         1

Your spell library contained the following spells:

 Spells                   Type           Power      Damage    Failure   Level
 Inner Flame              Hex/Fire       2%         N/A       56%         3
 Portal Projectile        Hex/Tloc       4%         N/A       56%         3
 Cause Fear               Hex            2%         N/A       83%         4

Inventory:

Hand Weapons
 Y - a +1 sling (weapon)
Armour
 c - a +0 robe (worn)
Scrolls
 a - a scroll of identify {unknown}
Potions
 b - a potion of attraction {unknown}
 d - a potion of curing {unknown}
 i - a potion of degeneration {unknown}

Dungeon Overview and Level Annotations

Branches:
Dungeon (2/15)

Altars:

Shops:
D:1 !


Message History

The sling bullet barely misses the gnoll.
You shoot a sling bullet.
The sling bullet hits the gnoll but does no damage.
The gnoll is lightly wounded.
A gnoll comes into view. It is wielding a +0 whip.
You shoot a sling bullet. The sling bullet hits the gnoll.
The gnoll is severely wounded.
You shoot a sling bullet.
The sling bullet closely misses the gnoll.
A gnoll comes into view. It is wielding a +0 flail.
An endoplasm comes into view.
You shoot a sling bullet.
The sling bullet barely misses the gnoll.
The endoplasm quivers.
The gnoll shouts!
The gnoll hits you with a +0 flail!
A gnoll comes into view. It is wielding a +0 whip.
You shoot a sling bullet. The sling bullet hits the gnoll!
You kill the gnoll!
1510 ||| FLEEEEING.
You shoot a sling bullet. The sling bullet hits the gnoll.
The gnoll is lightly wounded.
The gnoll barely misses you.
You shoot a sling bullet. The sling bullet hits the gnoll.
The gnoll is moderately wounded.
The gnoll barely misses you. You furiously retaliate!
You headbutt the gnoll. You shoot a sling bullet.
The sling bullet hits the gnoll but does no damage.
The gnoll is severely wounded.
The gnoll hits you but does no damage. The gnoll hits you with a +0 flail.
The gnoll hits you with a +0 whip!
You shoot a sling bullet.
The sling bullet closely misses the gnoll.
The gnoll hits you with a +0 whip! The gnoll hits you but does no damage.
You shoot a sling bullet. The sling bullet hits the gnoll.
The gnoll is almost dead.
The gnoll closely misses you. You furiously retaliate!
You headbutt the gnoll!
You kill the gnoll!
The gnoll hits you with a +0 whip.
You die...

**,,,,,,,**,,,,*** *
*,,,,,P......,,,,* *
*,,,,...P.....,*,### *
*,,,,8.......#*#.#<# *
*,,,,..PP....# #.#.###########
*,,,,PP......###.............#
**,,,PP.......#..............#
**,,...>...gg#.##...........#
*,,......J)@#.##...........#
**,*######....##...........#
*******+** #.######..........#
,,,,,,,,,* #.# ####..........#
,,,,,,,,,* #.# #..%..........#
,,,,,,,,,**####.###.##..........#
,,,,,,,,,,*#......#.##..........#
,,,,,,,,,,*#......#.#############
,,,,,,,,,,*#........#


You could see 2 gnolls and an endoplasm.

Vanquished Creatures
  2 gnolls (D:2)
  A worm (D:2)
  A dart slug (D:1)
  5 endoplasms
  A giant cockroach (D:1)
  3 goblins
  A hobgoblin (D:2)
  A quokka (D:2)
  2 ball pythons
  3 bats
  A frilled lizard (D:2)
  4 kobolds
  2 rats
27 creatures vanquished.

Notes
Turn   | Place    | Note
-------+----------+-------------------------------------------
     0 | D:1      | qw the Minotaur Hexslinger began the quest for the Orb.
     0 | D:1      | Reached XP level 1. HP: 16/16 MP: 1/1
     0 | D:1      | 0 ||| qw: Version: 0.3-a-46-gb1f654a
     0 | D:1      | 0 ||| qw: Game counter: 1117
     0 | D:1      | 0 ||| qw: Melee chars always use a shield: true
     0 | D:1      | 0 ||| qw: God list: Okawaru
     0 | D:1      | 0 ||| qw: Allow faded altars: false
     0 | D:1      | 0 ||| qw: Do Orc after clearing Dungeon:15 true
     0 | D:1      | 0 ||| qw: Do second Lair branch before Depths: true
     0 | D:1      | 0 ||| qw: Lair rune preference: random
     0 | D:1      | 0 ||| qw: Goals: Normal
     0 | D:1      | 0 ||| PLANNING D:1-11
   179 | D:1      | Reached skill level 3 in Ranged Weapons
   256 | D:1      | Reached XP level 2. HP: 23/23 MP: 2/2
   518 | D:1      | Found Bocizank's Distillery.
   528 | D:1      | 528 ||| SHOPLISTING 2 potions of resistance (260 gold, have
                  | 49).
   528 | D:1      | 528 ||| SHOPLISTING potion of cancellation (104 gold, have
                  | 49).
   672 | D:1      | You fall into a shaft and drop 1 floor!
   948 | D:2      | 948 ||| READING scroll labelled PAUTWO OKAP.
   949 | D:2      | 949 ||| READING scroll labelled ICYUPR KAIZABA.
   950 | D:2      | 950 ||| READING 2 scrolls labelled IZEMASI ZIHURI.
   951 | D:2      | 951 ||| READING scroll labelled YBUORU BAHULL.
   952 | D:2      | 952 ||| READING 2 scrolls labelled LIELUH PYMYM.
   953 | D:2      | 953 ||| DROPPING scroll of poison.
   954 | D:2      | 954 ||| DROPPING scroll of fog.
   955 | D:2      | 955 ||| DROPPING scroll of blinking.
  1203 | D:1      | Reached XP level 3. HP: 29/29 MP: 3/3
  1407 | D:1      | 1407 ||| DROPPING ring of wizardry.
  1510 | D:2      | 1510 ||| FLEEEEING.
  1514 | D:2      | HP: 4/29 [gnoll/+0 whip (8)]
  1515 | D:2      | Slain by a gnoll

Levels and vault maps discovered:
D:1:      scummos_arrival_simple_fountains, layout_basic, serial_shops,
          nicolae_shop_waterfront, ebering_dispersal_statue_hall,
          grunt_decor_junction
D:2:      layout_basic, dreamdust_mushroom_princess, minmay_tall_x

Skill      XL: |  1  2 |
---------------+-------+-----
Ranged Weapons | 3 |  3.9
Fighting       | 2 |  2.0
Dodging        | |  2.1
Spellcasting   | |  1.0
Hexes          | |  2.0

Action                     || total
---------------------------++-------
   Fire: Sling             ||    89
    Use: Scroll            ||     5
 Armour: Robe              ||     6
  Dodge: Dodged            ||    28

Table legend:
 A = Non-vault XP
 B = Vault XP
 C = Vault XP percentage of total XP
 D = Non-vault monster count
 E = Vault monster count
 F = Vault count percentage of total count
                 A         B        C        D         E       F
            +---------+---------+-------+---------+---------+-------
      Total |      69 |       5 |   6.8 |      24 |       3 |  11.1
            +---------+---------+-------+---------+---------+-------
        D:1 |      23 |       0 |   0.0 |      14 |       0 |   0.0
        D:2 |      46 |       5 |   9.8 |      10 |       3 |  23.1
            +---------+---------+-------+---------+---------+-------
